Map: [ESL] Moondance

Players

herO

  • Race: Protoss Protoss
  • Spawn Location: 12:00

Bunny - Winner!

  • Race: Terran Terran
  • Spawn Location: 6:00

Event: DreamHack SC2 Masters 2022 Atlanta (Offline)

VOD

Have the link to the VOD?

Description

Time

  • Played on: Nov. 20, 2022, 5:11 p.m.
  • Length: 10:45

All games in this series

Show
View Real Time Build Order
Export as new Build Order

herO Protoss 

Build Orders: 1 Gate Expand, Oracle Opening 

Get SALT Encoding   

  12  0:00  Probe  
  13  0:12  Probe  
  14  0:17  Pylon  
  14  0:24  Probe  
  15  0:35  Gateway  
  15  0:36  Probe (Chrono Boost)  
  16  0:43  Assimilator  
  16  0:48  Probe (Chrono Boost)  
  17  0:52  Probe (Chrono Boost)  
  18  1:03  Probe  
  19  1:15  Probe  
  20  1:22  Cybernetics Core  
  20  1:33  Nexus  
  20  1:39  Pylon  
  20  1:42  Probe  
  21  1:48  Assimilator  
  21  1:54  Probe  
  22  1:55  Stalker (Chrono Boost)  
  24  2:06  Probe  
  25  2:17  Stargate  
  25  2:18  Probe  
  26  2:26  Stalker  
  28  2:30  Probe  
  29  2:38  Warp Gate  
  30  2:44  Probe (Chrono Boost)  
  30  2:46  Probe (Chrono Boost)  
  31  2:54  Probe (Chrono Boost)  
  31  2:56  Stalker  
  31  2:57  Probe (Chrono Boost)  
  35  2:59  Probe (Chrono Boost)  
  32  3:09  Probe  
  32  3:11  Probe  
  34  3:14  Oracle (Chrono Boost)  
  35  3:21  Probe  
  35  3:23  Probe  
  37  3:29  Pylon  
  37  3:33  Probe  
  38  3:35  Probe  
  39  3:41  Oracle (Chrono Boost)  
  39  3:45  Probe  
  39  3:47  Probe  
  44  4:03  Probe x2  
  44  4:08  Oracle (Chrono Boost)  
  44  4:13  Nexus  
  44  4:15  Probe x2  
  49  4:17  Pylon  
  49  4:20  Shield Battery  
  49  4:27  Probe x2  
  51  4:33  Gateway  
  51  4:36  Gateway  
  51  4:37  Oracle (Chrono Boost)  
  51  4:42  Probe  
  51  4:43  Probe  
  56  4:47  Assimilator  
  56  4:50  Stalker  
  58  4:54  Assimilator  
  58  4:57  Probe x2  
  58  4:59  Pylon  
  60  5:06  Twilight Council  
  60  5:09  Probe x2  
  62  5:16  Pylon  
  62  5:20  Sentry  
  65  5:21  Probe x2  
  65  5:23  Gateway  
  66  5:29  Probe  
  66  5:31  Shield Battery, Sentry  
  66  5:33  Probe x2  
  68  5:48  Probe x3  
  71  5:55  Charge (Chrono Boost)  
  71  6:00  Phoenix (Chrono Boost), Probe x2  
  71  6:01  Probe  
  71  6:02  Phoenix (Chrono Boost)  
  76  6:05  Gateway  
  76  6:06  Gateway  
  76  6:08  Gateway  
  76  6:10  Shield Battery  
  76  6:12  Probe x2  
  76  6:13  Probe  
  76  6:14  Pylon  
  79  6:21  Sentry, Assimilator  
  79  6:22  Phoenix (Chrono Boost)  
  79  6:24  Zealot  
  85  6:27  Probe x3  
  85  6:31  Templar Archives  
  88  6:34  Shield Battery  
  88  6:39  Phoenix (Chrono Boost)  
  88  6:46  Gateway, Pylon  
  90  6:49  Robotics Facility  
  90  6:51  Zealot x2  
  90  6:52  Zealot  
  96  6:56  Zealot  
  96  6:58  Pylon  
  96  7:01  Phoenix  
  100  7:12  Zealot x4  
  100  7:15  Pylon  
  108  7:16  Stalker  
  108  7:22  Stalker x2  
  112  7:29  Phoenix  
  108  7:34  Zealot x4  
  109  7:39  Immortal (Chrono Boost)  
  113  7:45  Probe x2  
  113  7:50  Robotics Bay  
  115  7:54  Robotics Facility  
  115  7:57  Probe x2  
  117  7:59  Probe  
  118  8:07  Forge  
  118  8:09  Forge  
  118  8:12  Observer  
  119  8:14  Probe x3  
  122  8:21  Pylon x2  
  122  8:27  Pylon  
  122  8:35  Stalker  
  122  8:37  Disruptor (Chrono Boost)  
  122  8:39  Disruptor (Chrono Boost)  
  128  8:52  Stalker x7  
  140  9:05  Pylon  
  139  9:14  Disruptor x2 (Chrono Boost)  
  139  9:15  Colossus x3 (Chrono Boost)  
  125  9:21  Zealot x6  
  125  9:22  Zealot  
  135  9:27  Zealot  
  135  9:39  Disruptor (Chrono Boost)  
  135  9:40  Disruptor (Chrono Boost)  
  135  9:43  Zealot x4  
  103  10:02  Zealot x4  
  90  10:13  Stalker  
  75  10:16  Disruptor (Chrono Boost)  
  71  10:27  Zealot  
  71  10:28  Zealot x5  
Show
View Real Time Build Order
Export as new Build Order

Bunny Terran - Winner!

Build Orders:  

Get SALT Encoding   

  12  0:00  SCV  
  13  0:12  SCV  
  14  0:16  Supply Depot  
  14  0:24  SCV  
  15  0:38  SCV  
  15  0:39  Barracks  
  15  0:42  Refinery  
  16  0:50  SCV  
  17  0:58  Barracks  
  17  1:02  SCV  
  18  1:09  Supply Depot  
  18  1:14  SCV  
  19  1:27  Reaper  
  19  1:30  Orbital Command  
  20  1:45  Reaper  
  21  1:56  SCV  
  22  2:02  Reaper  
  22  2:08  SCV  
  24  2:12  Command Center  
  24  2:17  Marine  
  24  2:20  SCV  
  24  2:21  Refinery  
  26  2:28  Supply Depot  
  26  2:32  SCV  
  26  2:34  Marine  
  28  2:37  Marine  
  28  2:42  Factory  
  29  2:46  SCV  
  30  2:51  Marine  
  30  2:56  Marine  
  30  2:58  SCV  
  32  3:09  Marine  
  32  3:14  Marine  
  32  3:16  SCV  
  33  3:24  Orbital Command  
  33  3:25  Factory Tech Lab  
  33  3:26  Bunker  
  33  3:27  Marine  
  33  3:28  SCV  
  35  3:37  Engineering Bay  
  35  3:40  SCV  
  36  3:43  Cyclone  
  36  3:45  Marine  
  39  3:54  SCV x2  
  37  4:04  Marine  
  37  4:06  SCV x2  
  37  4:08  Terran Infantry Weapons Level 1  
  37  4:09  Barracks Tech Lab  
  36  4:12  Barracks  
  36  4:18  SCV  
  36  4:19  SCV  
  38  4:25  Siege Tank  
  38  4:27  Barracks Reactor, Refinery  
  38  4:28  Marine  
  38  4:30  Stimpack  
  38  4:31  SCV x2  
  44  4:40  Starport  
  44  4:42  Supply Depot  
  44  4:43  SCV x2  
  46  4:46  Marine  
  47  4:55  SCV x2  
  47  4:58  Siege Tank  
  52  5:03  Marine  
  52  5:04  Marine x2  
  52  5:05  Barracks Reactor  
  52  5:06  Refinery  
  55  5:07  SCV x2  
  55  5:11  Supply Depot  
  57  5:20  SCV x2  
  57  5:21  Supply Depot, Marine x2  
  59  5:22  Marine  
  59  5:24  Starport Reactor  
  62  5:31  Supply Depot  
  62  5:33  Siege Tank  
  65  5:35  Supply Depot  
  65  5:39  SCV x2  
  65  5:42  Marine x3  
  67  5:44  Missile Turret  
  60  5:50  Marine  
  60  5:51  Marine  
  60  5:55  SCV  
  60  5:56  SCV  
  61  5:59  Marine  
  61  6:00  Marine  
  61  6:01  Medivac  
  65  6:05  Medivac  
  65  6:09  SCV x2  
  69  6:13  Combat Shield  
  69  6:15  Terran Infantry Armor Level 1  
  69  6:18  Marine  
  69  6:19  Marine  
  69  6:23  Marine x3  
  74  6:28  SCV x2  
  74  6:31  Medivac  
  78  6:36  Marine x2  
  78  6:37  Factory Reactor  
  80  6:40  Medivac  
  80  6:41  Marine  
  80  6:42  SCV  
  80  6:43  SCV  
  85  6:47  Missile Turret  
  85  6:53  Marine x2  
  87  6:54  Marine x2  
  89  7:02  SCV x2  
  89  7:08  Marine  
  88  7:10  Marine  
  88  7:15  SCV x2  
  88  7:20  Marine x2  
  90  7:23  Marine  
  90  7:30  SCV x2  
  90  7:33  Medivac x2, Marine x2  
  90  7:36  Widow Mine x2  
  93  7:38  Marine  
  93  7:42  Supply Depot  
  93  7:43  Supply Depot  
  94  7:44  Marine  
  94  7:45  Marine  
  94  7:47  Supply Depot  
  94  7:56  Command Center  
  94  8:03  SCV x2  
  94  8:04  Medivac  
  93  8:06  Medivac  
  93  8:08  Marine x2  
  93  8:10  Marine  
  93  8:11  Marine  
  99  8:13  Marine  
  99  8:16  Widow Mine  
  104  8:20  Widow Mine  
  104  8:23  Concussive Shells  
  104  8:26  SCV x2  
  106  8:28  Marine  
  106  8:29  Marine x2  
  106  8:30  Marine  
  108  8:34  Medivac  
  108  8:38  Medivac  
  111  8:43  Widow Mine x2, Marine  
  116  8:58  Marine x2  
  118  9:06  Marine x2  
  118  9:10  Marine  
  118  9:16  Marine x2  
  115  9:19  Medivac  
  115  9:24  Marine  
  117  9:29  Marine  
  117  9:40  Medivac  
  117  9:42  Marine x4  
  117  9:45  Bunker  
  110  9:46  Bunker  
  110  9:47  Bunker  
  107  9:56  Marine  
  85  10:00  Marine x3  
  85  10:06  Marine  
  75  10:14  Marine  
  70  10:17  Marine  
  70  10:18  Marine x2  
  74  10:24  Marine  
  74  10:25  SCV  
Tags
 
Add a new tag
Caveats
  • Supply blocks, unpowered buildings, or Contaminate may cause inaccurate times.
  • Supply counts are checked every 10 seconds.